 Dungeon Crawl Stone Soup version 0.24-a0-230-g536ed4e33c (webtiles) character file.

Game seed: 12682983778838864272

472 CedricTheThird the Covered (level 7, -5/63 HPs)
             Began as a Gargoyle Fighter on Apr 2, 2019.
             Was a Follower of Trog.
             Slain by a gnoll
             ... wielding a +2 halberd of protection
              (9 damage)
             ... on level 4 of the Dungeon.
             The game lasted 00:07:35 (2260 turns).

CedricTheThird the Covered (Gargoyle Fighter)       Turns: 2260, Time: 00:07:35

Health: -5/63      AC: 12    Str: 27    XL:     7   Next: 9%
Magic:  7/7        EV:  8    Int: 10    God:    Trog [*.....]
Gold:   163        SH: 10    Dex:  9    Spells: 6/6 levels left

rFire    . . .     SeeInvis .   a - +0 flail
rCold    . . .     Gourm    .   c - +0 shield
rNeg     + . .     Faith    .   b - +0 scale mail
rPois    ∞         Spirit   .   (no helmet)
rElec    +         Reflect  .   (no cloak)
rCorr    .         Harm     .   (no gloves)
MR       .....                  (no boots)
Stlth    ..........             (no amulet)
HPRegen  0.20/turn              (no ring)
MPRegen  0.10/turn              j - +2 ring of intelligence

@: berserking, very quick
A: negative energy resistance 1, electricity resistance, unbreathing,
petrification resistance, rot immunity, AC +4
a: Berserk, Renounce Religion


You were on level 4 of the Dungeon.
You worshipped Trog.
Trog was aware of your devotion.
You were hungry.

You visited 1 branch of the dungeon, and saw 4 of its levels.

You collected 163 gold pieces.

Inventory:

Hand Weapons
 a - a +0 flail (weapon)
Missiles
 s - 3 throwing nets (quivered)
Armour
 b - a +0 scale mail (worn)
 c - a +0 shield (worn)
Jewellery
 j - a +2 ring of intelligence (right hand)
Scrolls
 e - 3 scrolls of identify
 g - a scroll of magic mapping {unknown}
 m - a scroll of remove curse
 n - a scroll of fog {unknown}
 p - a scroll of enchant weapon {unknown}
 r - a scroll of teleportation
Potions
 d - 2 potions of might
 h - 2 potions of haste {unknown}
 i - a potion of heal wounds
 k - a potion of flight {unknown}
 l - 3 potions of lignification {unknown}
 o - a potion of cancellation {unknown}
 q - a potion of resistance {unknown}
Comestibles
 f - 3 rations
 t - a chunk of flesh


   Skills:
 + Level 3.9 Fighting
 * Level 5.0 Maces & Flails
 * Level 5.4 Armour
 + Level 1.1 Dodging
 + Level 4.3 Shields


You had 6 spell levels left.
You didn't know any spells.
Your spell library was empty.

Dungeon Overview and Level Annotations

Branches:
Dungeon (4/15)
 Temple: D:4-7

Altars:
Okawaru
Qazlal
Trog
Uskayaw
Wu Jian


Innate Abilities, Weirdness & Mutations

You are resistant to torment.
Your stone body is resilient. (AC +4)
You are immune to poison.
You resist negative energy. (rN+)
You are resistant to electric shocks. (rElec)
You can survive without breathing.
You are immune to petrification.
You are immune to rotting.


Message History

You are feeling hungry.
The hound closely misses you. You block the hound's attack.
The gnoll hits you from afar with a +2 halberd of protection!
* * * LOW HITPOINT WARNING * * *
You miss the hound. The hound completely misses you.
You hit the hound.
The hound is moderately wounded.
You block the hound's attack. You block the gnoll's attack.
You are too berserk!
You closely miss the hound.
The hound is lightly wounded.
The hound closely misses you. You block the gnoll's attack.
Your shield and scale mail prevent you from hitting the hound.
The hound is lightly wounded.
You block the hound's attack.
You thump the hound!
The hound is severely wounded.
You block the hound's attack.
The gnoll hits you from afar with a +2 halberd of protection!
You die...

#.. ####....# ##.......###
##...........# ##.........o#.#
#..####.###.#.# ##..##...# #.#.#
#%..#....# #.#.# .
#..J#....###.#.# .
##.Ogh@..$##..#.######.
#...g#######..#........ #....#
###...#####.... ..#...J####.O...#
#.... ..........J......# #....
### ################## #.... ..#
#############.... ..#
#................
..###############......†.....####


You could see an ogre, a hound, 2 gnolls and an ooze.

Vanquished Creatures
  Sigmund (D:3)
  A scorpion (D:4)
  2 orc wizards (D:2)
  3 worker ants
  3 gnolls (D:4)
  4 adders
  2 worms
  2 dart slugs (D:2)
  2 leopard geckos (D:1)
  An orc (D:2)
  A ball python (D:4)
  8 bats
  4 giant cockroaches
  7 hobgoblins
  5 jackals
  A quokka (D:3)
  A frilled lizard (D:2)
  8 goblins
  5 kobolds
  12 rats
  A toadstool (D:1)
74 creatures vanquished.

Vanquished Creatures (others)
  3 toadstools (D:1)
3 creatures vanquished.

Grand Total: 77 creatures vanquished

Notes
Turn   | Place    | Note
-------+----------+-------------------------------------------
     0 | D:1      | CedricTheThird the Gargoyle Fighter began the quest for the
                  | Orb.
     0 | D:1      | Reached XP level 1. HP: 14/14 MP: 1/1
   140 | D:1      | Reached XP level 2. HP: 19/19 MP: 2/2
   755 | D:2      | Reached XP level 3. HP: 15/23 MP: 3/3
  1062 | D:2      | Found a bloodstained altar of Trog.
  1097 | D:2      | Reached XP level 4. HP: 13/28 MP: 4/4
  1151 | D:2      | Became a worshipper of Trog the Wrathful
  1375 | D:2      | Reached XP level 5. HP: 32/32 MP: 5/5
  1456 | D:3      | Found a stormy altar of Qazlal.
  1460 | D:3      | Noticed Sigmund
  1564 | D:3      | Found an iron altar of Okawaru.
  1631 | D:3      | Found a faded altar of an unknown god.
  1671 | D:3      | Reached * piety under Trog
  1724 | D:3      | Killed Sigmund
  1724 | D:3      | Reached skill level 5 in Armour
  1724 | D:3      | Reached skill level 1 in Dodging
  1724 | D:3      | Reached XP level 6. HP: 11/38 MP: 6/6
  1963 | D:3      | Found an ornate altar of the Wu Jian Council.
  2104 | D:4      | Reached XP level 7. HP: 38/42 MP: 7/7
  2128 | D:4      | Found a hide-covered altar of Uskayaw.
  2154 | D:4      | Reached skill level 5 in Maces & Flails
  2255 | D:4      | HP: 3/63 [gnoll/+2 halberd of protection (8)]
  2260 | D:4      | Slain by a gnoll

Levels and vault maps discovered:
D:1:      ldierk_water_garden, layout_loops_ring, kennysheep_pointless_box
D:2:      layout_basic, old_standard_altar, skrybe_limestone_x
D:3:      layout_rooms, nicolae_qazlal_general_emergency, lemuel_crystal_altar,
          okawaru_gym_becter, chequers_ecumenical_altar_island, kennysheep_nub,
          uniq_sigmund
D:4:      minmay_recursive_quarters, layout_basic, old_standard_altar,
          lemuel_doored_altar, minmay_temple_entry_statues, minmay_circle_x

Skill      XL: |  1  2  3  4  5  6  7 |
---------------+----------------------+-----
Armour         | 4 5 |  5.4
Maces & Flails | 3 4 5 |  5.0
Dodging        | 1 |  1.1
Shields        | 4 |  4.3
Fighting       | |  3.9

Action                   |  1- 3 |  4- 6 |  7- 9 || total
-------------------------+-------+-------+-------++-------
Melee: Flail             |   112 |   163 |    35 ||   310
Invok: Berserk           |       |     2 |     1 ||     3
  Use: Potion            |       |     5 |       ||     5
       Scroll            |       |     3 |       ||     3
  Eat: Chunk             |     1 |     1 |     2 ||     4
       Ration            |       |     1 |       ||     1
Armor: Scale mail        |    58 |    93 |    27 ||   178
Dodge: Dodged            |    37 |    47 |    26 ||   110
Block: Shield            |    59 |    85 |    28 ||   172

Table legend:
 A = Non-vault XP
 B = Vault XP
 C = Vault XP percentage of total XP
 D = Non-vault monster count
 E = Vault monster count
 F = Vault count percentage of total count
                 A         B        C        D         E       F
            +---------+---------+-------+---------+---------+-------
      Total |     452 |     223 |  33.0 |      72 |       1 |   1.4
            +---------+---------+-------+---------+---------+-------
        D:1 |      22 |       0 |   0.0 |      13 |       0 |   0.0
        D:2 |     158 |       0 |   0.0 |      27 |       0 |   0.0
        D:3 |      67 |     223 |  76.9 |      21 |       1 |   4.5
        D:4 |     205 |       0 |   0.0 |      11 |       0 |   0.0
            +---------+---------+-------+---------+---------+-------
